AoeStats
← Enyaloth

MegaRandom

509999470Analyzed
3v3 RM · 2d ago on Sep 29, 2026· 58m 20s· 6 players
Game mode
Random Map
Map size
Normal (6 player)
Population
200
Speed
Normal
Resources
Standard
Victory
Conquest
Starting age
Dark Age
Ending age
Imperial Age
RankedLock teamsTeams togetherTeam positionsShared explorationLock speedFull tech treeHidden civsTurbo modeCheats
Victory
Defeat
🇵🇪 Spanish · Peru
1236
+17
🇦🇷 Mongols · Argentina
1213
+18
🇺🇸 Varangians · United States
1212
+18
🇬🇧 Danes · United Kingdom
1347
-21
🇺🇸 Mongols · United States
1229
-17
🇺🇸 Persians · United States
1193
-15
Odin
9:58 Feudal Age
14:31 Castle Age
13:42 Double-Bit Axe
22:26 Bloodlines
24:34 Wheelbarrow
24:01 Husbandry
25:31 Forging
28:18 Town Watch
29:30 Scale Barding Armor
30:38 Bow Saw
30:42 Horse Collar
31:49 Hand Cart
32:28 Chain Barding Armor
32:10 Loom
36:48 Imperial Age
35:13 Town Patrol
35:51 Heavy Plow
36:15 Fletching
36:50 Stone Mining
37:02 Bodkin Arrow
36:50 Elite Conquistador
38:16 Plate Barding Armor
37:39 Gold Mining
39:32 Conscription
40:24 Bracer
41:56 Chemistry
41:07 Masonry
41:18 Ballistics
40:54 Murder Holes
Vicent 90
10:22 Feudal Age
8:53 Loom
14:17 Castle Age
13:34 Double-Bit Axe
14:39 Gold Mining
17:56 Fletching
18:08 Town Watch
23:09 Bodkin Arrow
23:46 Padded Archer Armor
26:16 Ballistics
29:00 Bloodlines
30:12 Husbandry
32:47 Wheelbarrow
32:17 Stone Mining
37:27 Imperial Age
37:32 Leather Archer Armor
37:42 Bow Saw
38:12 Bracer
39:45 Parthian Tactics
40:02 Elite Mangudai
41:48 Chemistry
41:54 Conscription
42:22 Thumb Ring
42:50 Herbal Medicine
43:22 Heavy Scorpion
45:55 Drill
50:48 Nomads
51:01 Siege Engineers
LazyJames
4:55 Loom
10:22 Feudal Age
14:34 Castle Age
12:57 Double-Bit Axe
14:16 Bloodlines
15:49 Scale Barding Armor
15:59 Horse Collar
18:20 Scale Barding Armor
19:40 Forging
20:56 Husbandry
24:58 Chain Barding Armor
24:57 Gold Mining
26:13 Wheelbarrow
27:48 Wheelbarrow
30:54 Chain Barding Armor
30:43 Stone Mining
31:08 Bow Saw
31:59 Iron Casting
33:15 Hand Cart
35:03 Vendel Legacy
42:58 Imperial Age
42:09 Fletching
45:59 Imperial Age
44:17 Bodkin Arrow
46:06 Cavalier
47:25 Plate Barding Armor
46:45 Elite Jarl
47:45 Conscription
48:52 Blast Furnace
52:57 Ballistics
52:00 Elite Skirmisher
52:45 Bracer
52:45 Padded Archer Armor
53:54 Chemistry
56:23 Leather Archer Armor
Enyaloth
7:45 Loom
8:12 Loom
10:20 Feudal Age
11:57 Double-Bit Axe
14:41 Castle Age
13:47 Fletching
17:08 Bloodlines
17:48 Horse Collar
21:07 Bodkin Arrow
22:14 Ballistics
22:47 Husbandry
24:33 Padded Archer Armor
25:47 Bow Saw
27:20 Gold Mining
28:31 Heavy Plow
29:59 Thumb Ring
31:31 Wheelbarrow
33:10 Hand Cart
37:41 Imperial Age
35:24 Town Watch
37:42 Heavy Cavalry Archer
39:01 Bracer
39:32 Parthian Tactics
40:42 Leather Archer Armor
41:44 Chemistry
shanzeenee
8:44 Loom
10:29 Feudal Age
11:33 Double-Bit Axe
17:01 Castle Age
15:52 Gold Mining
16:01 Horse Collar
17:46 Bow Saw
17:37 Heavy Plow
18:02 Squires
28:22 Husbandry
33:58 Fletching
34:14 Scale Barding Armor
36:53 Wheelbarrow
36:32 Forging
37:22 Bloodlines
38:21 Hand Cart
39:44 Chain Barding Armor
39:59 Iron Casting
41:20 Gold Shaft Mining
45:30 Imperial Age
45:12 Cavalier
46:30 Plate Barding Armor
47:37 Blast Furnace
48:05 Savar
El Mikalos
8:34 Loom
10:44 Feudal Age
14:47 Castle Age
13:18 Double-Bit Axe
14:33 Scale Mail Armor
16:53 Horse Collar
23:13 Squires
22:58 Arson
24:40 Chain Mail Armor
25:51 Forging
27:57 Hamask
29:21 Fletching
29:47 Heavy Plow
31:08 Ballistics
30:45 Bodkin Arrow
31:17 Bow Saw
31:42 Thumb Ring
31:48 Padded Archer Armor
32:02 Stone Mining
32:39 Gold Mining
33:50 Wheelbarrow
33:56 Leather Archer Armor
35:32 Bloodlines
35:23 Husbandry
39:40 Hand Cart
43:27 Imperial Age
43:22 Town Watch
44:20 Iron Casting
44:32 Conscription
44:02 Cranequins
44:53 Bracer
47:14 Ring Archer Armor
47:51 Chemistry
47:19 Heavy Mounted Crossbowman
50:06 Onager
51:06 Gambesons
50:47 Elite Varangian Guard
53:59 Plate Mail Armor
Connection lost

Rejoining the realm…

Still unreachable

The connection could not be restored.

Session expired

The server has moved on; the page needs a fresh start.